 Dungeon Crawl Stone Soup version 0.21.1-1-g345015f (webtiles) character file.

607 nicolaieve the Cleaver (level 7, -19/61 HPs)
             Began as a Minotaur Berserker on July 7, 2018.
             Was a Priest of Trog.
             Demolished by an ogre
             ... wielding a +0 giant spiked club
              (22 damage)
             ... on level 4 of the Dungeon.
             The game lasted 00:09:42 (2754 turns).

nicolaieve the Cleaver (Minotaur Berserker)         Turns: 2754, Time: 00:09:43

Health: -19/61     AC: 12    Str: 20    XL:     7   Next: 19%
Magic:  6/6        EV:  8    Int:  4    God:    Trog [***...]
Gold:   138        SH:  0    Dex:  9    Spells: 6/6 levels left

rFire    . . .     SeeInvis .   a - +0 hand axe
rCold    . . .     Gourm    .   (no shield)
rNeg     . . .     Faith    .   t - +0 chain mail
rPois    .         Spirit   .   (helmet restricted)
rElec    .         Reflect  .   (no cloak)
rCorr    .         Harm     .   d - +1 pair of gloves
MR       ++...                  (no boots)
Stlth    ..........             (no amulet)
HPRegen  1.20/turn              p - -4 ring of strength (curse)
MPRegen  0.10/turn              (no ring)

@: berserk cooldown, regenerating, slowed, very slow
A: retaliatory headbutt, horns 2
a: Berserk, Trog's Hand, Burn Spellbooks, Renounce Religion


You were on level 4 of the Dungeon.
You worshipped Trog.
Trog was most pleased with you.
You were hungry.

You visited 1 branch of the dungeon, and saw 4 of its levels.

You collected 138 gold pieces.

Inventory:

Hand Weapons
 a - a +0 hand axe (weapon)
Armour
 d - a +1 pair of gloves (worn)
 g - a +0 ring mail
 t - a +0 chain mail (worn)
Jewellery
 p - a cursed -4 ring of strength (left hand)
Wands
 o - a wand of iceblast (8)
 r - a wand of disintegration (9)
Scrolls
 e - 5 scrolls of identify
 h - 2 scrolls of blinking
 i - a scroll of magic mapping {unknown}
 k - a scroll of random uselessness {unknown}
 m - a scroll of immolation {unknown}
 n - 3 scrolls of teleportation {unknown}
 q - a scroll of remove curse {unknown}
 s - a scroll of enchant armour {unknown}
Potions
 b - 2 potions of lignification
 j - a potion of might {unknown}
 l - 2 potions of flight {unknown}
Comestibles
 c - 8 rations
 f - 11 chunks of flesh


   Skills:
 + Level 5.0 Fighting
 * Level 8.3 Axes
 + Level 4.9 Armour
 - Level 2.1 Dodging


You had 6 spell levels left.
You didn't know any spells.

Dungeon Overview and Level Annotations

Branches:
Dungeon (4/15)
 Temple: D:4-7

Altars:
Makhleb
Uskayaw


Innate Abilities, Weirdness & Mutations

You reflexively headbutt those who attack you in melee.
You have a pair of horns on your head.


Message History

The ogre hits you with a giant spiked club!
* * * LOW HITPOINT WARNING * * *
You hit the ogre.
You headbutt the ogre, but do no damage.
The ogre is lightly wounded.
The ogre hits you with a giant spiked club.
* * * LOW HITPOINT WARNING * * *
Unknown command.
Your skin crawls.
You feel resistant to hostile enchantments.
You feel somewhat more hungry. The ogre barely misses you.
You're still recovering from your berserk rage.
You slash the ogre!
The ogre is heavily wounded.
The ogre hits you with a giant spiked club!
* * * LOW HITPOINT WARNING * * *
You hit the ogre. You headbutt the ogre.
The ogre is severely wounded.
The ogre hits you with a giant spiked club!!
You die...

..# #...# ####.#
#...# ....# #...#
#..# #####...####
#..####...........
#.................
#...###...........
..##.##)..#
###......###
......O@..#
#.#....#
.....#.#..#
#.#....# ##..
#.##.# #.#....# #.
.. ..# #.##.#.# ..
... ### #......# #
?##. ...... .. #.
.#####. .. #.


You could see an ogre.

Vanquished Creatures
  The ghost of eyesofgods1 the Cudgeler, an amateur OgGl of Okawaru (D:4)
  An ogre (D:4)
  2 orc priests (D:4)
  An orc wizard (D:4)
  Ijyb (D:4)
  Natasha (D:4)
  5 adders
  4 worms
  A dart slug (D:4)
  3 leopard geckos
  5 orcs
  9 goblins
  11 hobgoblins
  7 jackals
  2 quokkas (D:2)
  13 bats
  6 frilled lizards
  6 kobolds
  10 rats
89 creatures vanquished.

Notes
Turn   | Place    | Note
-------+----------+-------------------------------------------
     0 | D:1      | nicolaieve the Minotaur Berserker began the quest for the Orb.
     0 | D:1      | Reached XP level 1. HP: 19/19 MP: 0/0
    51 | D:1      | Reached skill level 4 in Axes
    86 | D:1      | Reached XP level 2. HP: 21/27 MP: 1/1
   634 | D:1      | Reached ** piety under Trog
   777 | D:2      | Reached XP level 3. HP: 33/33 MP: 2/2
   814 | D:2      | Found a hide-covered altar of Uskayaw.
   991 | D:2      | Reached skill level 5 in Axes
  1367 | D:2      | Found a burning altar of Makhleb.
  1521 | D:2      | HP: 1/34 [poisoned by a kobold]
  1697 | D:3      | Reached XP level 4. HP: 36/41 MP: 3/3
  2416 | D:4      | Reached skill level 6 in Axes
  2416 | D:4      | Reached XP level 5. HP: 45/47 MP: 4/4
  2419 | D:4      | Reached *** piety under Trog
  2442 | D:4      | Noticed Ijyb
  2449 | D:4      | Killed Ijyb
  2589 | D:4      | Noticed Natasha
  2589 | D:4      | Noticed an ogre
  2594 | D:4      | Killed an ogre
  2594 | D:4      | Reached skill level 7 in Axes
  2594 | D:4      | Reached XP level 6. HP: 53/53 MP: 5/5
  2595 | D:4      | Killed Natasha
  2718 | D:4      | Noticed eyesofgods1's ghost (amateur OgGl)
  2732 | D:4      | Killed eyesofgods1's ghost
  2732 | D:4      | Reached skill level 5 in Fighting
  2732 | D:4      | Reached skill level 8 in Axes
  2732 | D:4      | Reached XP level 7. HP: 59/61 MP: 6/6
  2753 | D:4      | HP: 1/61 [ogre/giant spiked club (16)]
  2754 | D:4      | Demolished by an ogre

Skill      XL: |  1  2  3  4  5  6 |
---------------+-------------------+-----
Axes           | 4 5 6 7 8 |  8.3
Fighting       | 4 5 |  5.0
Armour         | 3 4 |  4.9
Dodging        | |  2.1

Action                   |  1- 3 |  4- 6 |  7- 9 || total
-------------------------+-------+-------+-------++-------
Melee: Hand axe          |    95 |    96 |     7 ||   198
       Headbutt          |    15 |    12 |     2 ||    29
Invok: Trog's Hand       |     2 |       |     1 ||     3
       Burn Spellbooks   |       |     1 |       ||     1
       Berserk           |       |     2 |       ||     2
  Use: Scroll            |       |     2 |       ||     2
  Eat: Chunk             |     1 |     3 |     1 ||     5
       Ration            |     1 |       |       ||     1
Armor: Animal skin       |     3 |       |       ||     3
       Ring mail         |    32 |    34 |       ||    66
       Chain mail        |       |    14 |     2 ||    16
Dodge: Dodged            |    67 |    48 |     1 ||   116
